 Dungeon Crawl Stone Soup version 0.26-a0-1107-g6118521029 (webtiles) character file.

Game seed: 11399711649762009155

10 Dracia the Unweaver (level 2, 8/24 HPs)
             Began as a Demonspawn Abyssal Knight on Dec 16, 2020.
             Was a Follower of Lugonu.
             Quit the game on level 1 of the Dungeon.
             The game lasted 00:00:43 (429 turns).

Dracia the Unweaver (Demonspawn Abyssal Knight)      Turns: 429, Time: 00:00:44

Health: 8/24       AC:  3    Str: 12    XL:     2   Next: 10%
Magic:  3/4        EV: 11    Int: 13    God:    Lugonu [*.....]
Gold:   23         SH:  0    Dex: 12    Spells: 1/1 levels left

rFire    . . .     SeeInvis .   a - +1 falchion
rCold    . . .     Faith    .   (no shield)
rNeg     . . .     Spirit   .   b - +0 leather armour
rPois    .         Reflect  .   (no helmet)
rElec    .         Harm     .   (no cloak)
rCorr    .         Rampage  .   (no gloves)
Will     .....                  (no boots)
Stlth    +.........             (no amulet)
HPRegen  0.08/turn              (no ring)
MPRegen  0.09/turn              (no ring)

@: no status effects
A: claws 1
a: Depart the Abyss, Renounce Religion


You were on level 1 of the Dungeon.
You worshipped Lugonu.
Lugonu was aware of your devotion.
You visited 1 branch of the dungeon, and saw 1 of its levels.
You visited the Abyss 1 time.

You collected 23 gold pieces.


Innate Abilities, Weirdness & Mutations

You have sharp fingernails.


   Skills:
 - Level 3.0 Fighting
 + Level 2.2 Long Blades
 - Level 1.7 Armour
 - Level 0.8 Dodging
 + Level 3.1 Invocations


You had one spell level left.
You didn't know any spells.
Your spell library was empty.

Inventory:

Hand Weapons
 a - a +1 falchion (weapon)
Armour
 b - a +0 leather armour (worn)
Scrolls
 c - a scroll of teleportation {unknown}
 e - a scroll of blinking {unknown}
Potions
 d - a potion of curing {unknown}

Dungeon Overview and Level Annotations

Branches:
Dungeon (1/15)

Altars:

### #.. #.# ####
#.# ##...###.#
##. #.
#..##.###..... ##
#.###..†@....# .#
#..#..##??.......
.#
#...########....
.# ##.## ... .#
#.# # .# #.# .#
##.#####
.#########......#
.....##.........#


There were no monsters in sight!


Message History

The jackal bites you but does no damage.
The jackal barely misses you.
You hit the jackal.
You kill the jackal!
Lugonu accepts your kill.
You can now depart the Abyss.
The jackal bites you but does no damage.
You have reached level 2!
Your demonic ancestry asserts itself...
Your fingernails lengthen.
You closely miss the jackal.
The jackal bites you but does no damage. x2
You hit the jackal.
The jackal is moderately wounded.
The jackal misses you.
You riposte.
You closely miss the jackal.
The jackal is moderately wounded.
You hit the jackal.
The jackal is severely wounded.
The jackal bites you but does no damage.
The jackal bites you.
* * * LOW HITPOINT WARNING * * *
You barely miss the jackal.
The jackal is severely wounded.
The jackal bites you.
* * * LOW HITPOINT WARNING * * *
The jackal barely misses you.
You hit the jackal.
You kill the jackal!
Lugonu accepts your kill.
You see here a jackal corpse.
Are you sure you want to abandon this character and quit the game? (Confirm with "yes".)

Skill      XL: |  1 |
---------------+----+-----
Long Blades    | 2 |  2.2
Invocations    | 3 |  3.1
Fighting       | |  3.0
Armour         | |  1.7
Dodging        | |  0.8

Action                   || total
-------------------------++-------
Melee: Falchion          ||    25
Invok: Depart the Abyss  ||     1
Armor: Leather armour    ||    18
Dodge: Dodged            ||    26
       Rpst.: Falchion   ||     6

Levels and vault maps discovered:
D:1:      minmay_arrival_loop, layout_loops_corners

Notes
Turn   | Place    | Note
-------+----------+-------------------------------------------
     0 | Abyss:1  | Dracia the Demonspawn Abyssal Knight began the quest for
                  | the Orb.
     0 | Abyss:1  | Reached XP level 1. HP: 18/18 MP: 2/2
     1 | Abyss:1  | Found a corrupted altar of Lugonu.
    25 | Abyss:1  | Noticed a starcursed mass
    30 | D:1      | You pass through the gate.
    30 | D:1      | Escaped the Abyss
   145 | D:1      | Reached skill level 2 in Long Blades
   413 | D:1      | Reached skill level 3 in Invocations
   421 | D:1      | Reached * piety under Lugonu
   422 | D:1      | Gained mutation: You have sharp fingernails. [demonic
                  | ancestry]
   422 | D:1      | Reached XP level 2. HP: 11/24 MP: 2/4
   429 | D:1      | Quit the game

Vanquished Creatures
  A giant cockroach (D:1)
  A hobgoblin (D:1)
  3 jackals (D:1)
  2 bats (D:1)
  2 frilled lizards (D:1)
9 creatures vanquished.

Table legend: (Time is in decaauts)
 A = Elapsed time spent in this place.
 B = Non-inter-level travel time spent in this place.
 C = Inter-level travel time spent in this place.
 D = Time resting spent in this place.
 E = Time spent auto-exploring this place.
 F = Levels seen in this place.
 G = Mean time per level.
                   A        B        C        D        E       F      G
               +--------+--------+--------+--------+--------+-----+--------+
         Total |    433 |    433 |      0 |      0 |    375 |   2 |  216.5 |
       Dungeon |    403 |    403 |      0 |      0 |    350 |   1 |  403.0 |
         Abyss |     30 |     30 |      0 |      0 |     25 |   1 |   30.0 |
               +--------+--------+--------+--------+--------+-----+--------+

Top non-repeatable levels by time:
     D:1: 403 daAuts
 Abyss:1: 30 daAuts

Table legend:
 A = Non-vault XP
 B = Vault XP
 C = Vault XP percentage of total XP
 D = Non-vault monster count
 E = Vault monster count
 F = Vault count percentage of total count
                 A         B        C        D         E       F
            +---------+---------+-------+---------+---------+-------
      Total |      15 |       0 |   0.0 |       9 |       0 |   0.0
            +---------+---------+-------+---------+---------+-------
        D:1 |      15 |       0 |   0.0 |       9 |       0 |   0.0
            +---------+---------+-------+---------+---------+-------
